AoeStats
← Efthiron

MegaRandom

505132217Analyzed
1v1 RM · 23d ago on Sep 8, 2026· 57m 34s· 2 players
Game mode
Random Map
Map size
Tiny (2 player)
Population
200
Speed
Normal
Resources
Standard
Victory
Conquest
Starting age
Dark Age
Ending age
Imperial Age
RankedLock teamsTeams togetherTeam positionsShared explorationLock speedFull tech treeHidden civsTurbo modeCheats
Victory
Defeat
🇲🇽 Mongols · Mexico
1250
+17
🇨🇦 Lithuanians · Canada
1280
-17
Efthiron
5:05 Loom
9:09 Feudal Age
10:51 Town Watch
16:05 Castle Age
14:06 Double-Bit Axe
15:48 Scale Barding Armor
16:40 Bloodlines
23:37 Forging
28:47 Horse Collar
33:49 Herbal Medicine
34:12 Fletching
35:07 Gold Mining
36:28 Wheelbarrow
36:28 Chain Barding Armor
37:01 Iron Casting
37:31 Bodkin Arrow
37:55 Hand Cart
38:20 Town Patrol
41:47 Imperial Age
41:17 Ballistics
42:12 Husbandry
42:48 Bracer
46:22 Murder Holes
47:29 Chemistry
48:25 Blast Furnace
49:07 Elite Steppe Lancer
49:13 Light Cavalry
52:55 Hussar
54:44 Heavy Camel Rider
TheTerrorizer72
10:23 Feudal Age
15:42 Castle Age
13:55 Double-Bit Axe
15:38 Loom
16:07 Bloodlines
15:49 Gold Mining
21:02 Scale Barding Armor
21:32 Pikeman
23:23 Town Watch
24:17 Forging
27:13 Chain Barding Armor
28:24 Wheelbarrow
28:49 Town Watch
29:59 Scale Mail Armor
30:35 Iron Casting
32:32 Chain Mail Armor
35:17 Fletching
38:40 Imperial Age
37:01 Ballistics
37:50 Elite Skirmisher
38:40 Bodkin Arrow
40:20 Chemistry
38:54 Halberdier
40:57 Bracer
41:01 Squires
42:13 Stone Mining
42:02 Halberdier
47:06 Bow Saw
46:56 Arson
47:19 Thumb Ring
48:30 Conscription
50:43 Two-Man Saw
53:51 Padded Archer Armor
54:27 Plate Barding Armor
55:13 Light Cavalry
55:54 Husbandry
Connection lost

Rejoining the realm…

Still unreachable

The connection could not be restored.

Session expired

The server has moved on; the page needs a fresh start.